 Dungeon Crawl Stone Soup version 0.27-a0-1560-g8cdb131 (webtiles) character file.

Game seed: 8642840029005479783

2576 Illumine the Changer (level 9, 0/85 HPs)
             Began as a Demigod Transmuter on July 15, 2021.
             Shot with a bolt by an orc warrior (15 damage)
             ... in a bailey.
             The game lasted 00:15:45 (9551 turns).

Illumine the Changer (Demigod Transmuter)           Turns: 9551, Time: 00:15:46

Health: 0/85       AC:  7    Str: 21    XL:     9   Next: 10%
Magic:  18/19      EV: 12    Int: 23    God:
Gold:   19         SH:  0    Dex: 20    Spells: 5/17 levels left

rFire    x . .     SeeInvis .     - Unarmed
rCold    + + +     Faith    .   (shield currently unavailable)
rNeg     . . .     Spirit   .   (armour currently unavailable)
rPois    +         Reflect  .   (helmet currently unavailable)
rElec    .         Harm     .   (cloak currently unavailable)
rCorr    .         Rampage  .   (gloves currently unavailable)
Will     .....                  (boots currently unavailable)
Stlth    ++........             A - amulet of magic regeneration
HPRegen  0.24/turn              d - +6 ring of strength
MPRegen  0.41/turn              n - +6 ring of dexterity

@: ice-form
A: freezing attack, amphibious, boosted hp, large, high mp 1, forlorn
a: End Transformation


You were in a bailey.
You were a creature of crystalline ice.
You visited 1 branch of the dungeon, and saw 7 of its levels.
You also visited: Bailey.

You collected 350 gold pieces.
You spent 331 gold pieces at shops.

Inventory:

Hand Weapons
 i - a +0 hunting sling
 s - a +0 arbalest
Missiles
 l - 6 atropa-tipped darts
 D - 55 bolts
Armour
 a - a +0 robe
 e - a +2 helmet (melded)
 h - the +4 Cigotuvi's embrace (melded) {rMiasma Drain rN+}
   (You bought it in a shop on level 7 of the Dungeon)

   It gathers nearby corpses to temporarily increase the armour it provides.
   It protects you from foul pestilence.
   rN:        It protects you from negative energy.
   Drain:     It drains your maximum health when unequipped.
 z - a +0 buckler
Magical Staves
 f - a staff of air
Jewellery
 d - a +6 ring of strength (left front paw)
 n - a +6 ring of dexterity (right front paw)
 A - an amulet of magic regeneration (around neck)
Wands
 v - a wand of paralysis (12)
 B - a wand of acid (7)
Scrolls
 g - a scroll of amnesia
 o - a scroll of enchant armour {unknown}
 q - a scroll of immolation {unknown}
 u - 2 scrolls of teleportation {unknown}
 w - 2 scrolls of fog {unknown}
 x - 2 scrolls of fear {unknown}
 y - a scroll of holy word {unknown}
 C - a scroll of noise {unknown}
Potions
 b - a potion of flight
 c - a potion of berserk rage
 j - a potion of lignification {unknown}
 k - 2 potions of curing
 m - a potion of mutation {unknown}
 p - a potion of degeneration {unknown}
 r - a potion of attraction {unknown}
 t - 2 potions of heal wounds


   Skills:
 + Level 3.9 Fighting
 + Level 0.5 Armour
 + Level 4.4 Dodging
 + Level 1.5 Shields
 - Level 5.1 Unarmed Combat
 + Level 4.8 Spellcasting
 + Level 2.1 Translocations
 + Level 5.6 Transmutations
 + Level 2.1 Ice Magic
 - Level 3.0 Poison Magic
 + Level 1.0 Evocations


You had 5 spell levels left.
You knew the following spells:

 Your Spells              Type           Power      Damage    Failure   Level
a - Beastly Appendage     Tmut           62%        N/A       1%          1
b - Wereblood             Tmut           31%        N/A       1%          2
c - Spider Form           Tmut/Pois      12%        N/A       4%          3
d - Blink                 Tloc           N/A        N/A       6%          2
e - Ice Form              Ice/Tmut       23%        N/A       21%         4

Your spell library contained the following spells:

 Spells                   Type           Power      Damage    Failure   Level
 Ignite Poison            Fire/Tmut/Pois 18%        N/A       9%          3
 Ensorcelled Hibernation  Hex/Ice        20%        N/A       10%         2
 Passage of Golubria      Tloc           N/A        N/A       38%         4
 Freezing Cloud           Conj/Ice/Air   4%         6-21      90%         5
 Silence                  Hex/Air        2%         N/A       95%         5
 Shadow Creatures         Summ           N/A        N/A       100%        6
 Simulacrum               Ice/Necr       5%         N/A       100%        6
 Ignition                 Fire           2%         3d3       100%        8
 Lehudib's Crystal Spear  Conj/Erth      2%         10d2      100%        8
 Polar Vortex             Ice            7%         N/A       100%        9


Dungeon Overview and Level Annotations

Branches:
Dungeon (7/15)             Temple (0/1) D:7          Bailey (1/1)

Shops:
D:2 :![*(   D:6 =   D:7 [


Innate Abilities, Weirdness & Mutations

You are a creature of crystalline ice.
You have a powerful freezing melee attack.
You are amphibious.
Your maximum health is increased.
Your armour is entirely melded.
You are incapable of wielding weapons or throwing items.
Your attributes grow dramatically as you level up.
You have an increased reservoir of magic. (+10% MP)
You shall have no god before yourself.


Message History

a +0 arbalest; a +0 scale mail You start resting.
A chunk of your corpse armour falls away. x6
A chunk of your corpse armour falls away.
An orc comes into view. It is wielding a +0 arbalest.
The orc shouts!
You hear a shout!
The orc shoots a bolt.
The bolt closely misses you.
An orc warrior comes into view. It is wielding a +0 arbalest.
Found a gate leading back out of this place.
The orc warrior shouts!
Casting: Ice Form (dangerous; 22% risk of failure)
Confirm with . or Enter, or press ? or * to list all spells.
Okay, then.
Casting: Ice Form (dangerous; 22% risk of failure)
Confirm with . or Enter, or press ? or * to list all spells.
You turn into a creature of crystalline ice.
Your +2 helmet melds into your body.
The +6 Cigotuvi's embrace {rMiasma Drain rN+} melds into your body.
Your corpse armour falls away.
An orc comes into view. It is wielding a +0 arbalest.
The orc shoots a bolt.
The bolt hits you!
The orc shoots a bolt.
The bolt hits you!
The orc shouts!
An orc warrior comes into view. It is wielding a +0 arbalest.
The orc warrior disappears!
The orc shoots a bolt.
The bolt hits you.
The orc warrior shoots a bolt.
The bolt hits you!
The orc warrior moves out of view.
The orc shoots a bolt.
The bolt closely misses you.
The orc warrior shoots a bolt.
The bolt hits you!
The orc shoots a bolt.
The bolt hits you!
The orc warrior shoots a bolt.
The bolt hits you!
* * * LOW HITPOINT WARNING * * *
The orc unwields a +0 arbalest.
The orc closely misses you.
The orc warrior shoots a bolt.
The bolt closely misses you.
You barely miss the orc.
The orc warrior shoots a bolt.
The bolt misses you. The orc closely misses you.
You punch the orc! You freeze the orc.
You kill the orc!
The orc warrior shoots a bolt.
The bolt hits you!
You die...

... .. ..... ≈≈≈
≈≈ ≈ ......≈ #.#
≈≈ ≈≈ ......≈
#.##≈≈≈≈≈
#......≈..^..≈≈≈≈≈
#......≈##.∩#≈≈≈≈≈
#......≈≈#o#o≈≈≈≈≈
#......≈≈≈Y≈≈≈≈≈≈#
#......≈≈≈≈≈≈≈≈≈##
#......≈≈≈≈≈≈≈≈##
#......≈≈≈≈≈≈≈≈#
#......≈≈≈≈≈≈≈##
#......≈≈≈≈≈≈≈#
#......≈≈≈≈≈≈≈#
#......≈≈≈≈≈≈≈#
#......≈≈≈≈≈≈≈##


You could see an orc warrior and an orc.

Vanquished Creatures
  4 orc warriors
  4 necrophages
  A black bear (D:6)
  An ice beast (D:5)
  3 ogres
  A centaur (D:6)
  A phantom (D:6)
  A gnoll sergeant (D:5)
  5 scorpions
  A water moccasin skeleton (D:5)
  3 bullfrog zombies
  A centaur zombie (D:5)
  A hound (D:5)
  3 jellies
  2 bullfrog skeletons
  A gnoll shaman (D:4)
  2 orc priests (D:6)
  2 iguanas
  3 orc wizards (D:6)
  A mummy (D:6)
  9 gnolls
  7 adders
  2 river rats (D:5)
  A shadow imp (D:6)
  2 white imps
  An ufetubus (D:4)
  An adder skeleton (D:4)
  3 worms
  18 orcs
  9 endoplasms
  5 giant cockroaches
  10 goblins
  5 hobgoblins
  2 jackals (D:2)
  6 kobolds
  5 quokkas
  15 ball pythons
  8 bats
  2 frilled lizards
  4 rats
156 creatures vanquished.

Vanquished Creatures (others)
  An orc wizard (D:6)
  An orc (D:6)
  4 plants (D:7)
6 creatures vanquished.

Grand Total: 162 creatures vanquished

Notes
Turn   | Place    | Note
-------+----------+-------------------------------------------
     0 | D:1      | Illumine the Demigod Transmuter began the quest for the
                  | Orb.
     0 | D:1      | Reached XP level 1. HP: 15/15 MP: 5/5
   630 | D:1      | Reached XP level 2. HP: 22/22 MP: 7/7
   633 | D:1      | Learned a level 2 spell: Wereblood
   768 | D:1      | Got the Papyrus of Space
   869 | D:2      | Found Hiuhobareo's Assorted Antiques.
  1281 | D:2      | Reached XP level 3. HP: 22/27 MP: 7/9
  1360 | D:2      | Found Ynol's Weapon Shop.
  1408 | D:2      | Learned a level 3 spell: Spider Form
  1843 | D:2      | Found Unge's Book Boutique.
  1858 | D:2      | Found Itorohi's Distillery.
  1972 | D:2      | Found Wettoest's Armour Emporium.
  2067 | D:3      | Noticed an ice beast
  2113 | D:3      | Reached skill level 1 in Fighting
  2330 | D:3      | Noticed a scorpion
  2344 | D:3      | Killed a scorpion
  2345 | D:3      | Reached XP level 4. HP: 18/35 MP: 6/10
  2809 | D:3      | Reached skill level 1 in Poison Magic
  3366 | D:4      | Reached XP level 5. HP: 39/40 MP: 11/11
  3979 | D:4      | Noticed a necrophage
  3993 | D:4      | Killed a necrophage
  3994 | D:4      | Reached XP level 6. HP: 29/48 MP: 10/13
  4977 | D:5      | Entered Level 5 of the Dungeon
  5229 | D:4      | Reached XP level 7. HP: 31/56 MP: 11/14
  6555 | D:5      | Reached skill level 5 in Transmutations
  6659 | D:5      | Learned a level 2 spell: Blink
  6704 | D:5      | Reached XP level 8. HP: 56/63 MP: 16/16
  6761 | D:5      | Learned a level 4 spell: Ice Form
  7202 | D:6      | Reached skill level 1 in Translocations
  7202 | D:6      | Reached skill level 1 in Ice Magic
  8026 | D:6      | Reached skill level 1 in Shields
  8026 | D:6      | Reached skill level 5 in Unarmed Combat
  8511 | D:6      | Found Cuzysuci's Jewellery Shoppe.
  8871 | D:7      | Reached XP level 9. HP: 58/71 MP: 19/19
  8945 | D:7      | Found Tehej's Armour Shop.
  8956 | D:7      | Found a flagged portal.
  8957 | D:7      | Bought the +4 Cigotuvi's embrace {rMiasma Drain rN+} for
                  | 331 gold pieces
  8957 | D:7      | Found the +4 Cigotuvi's embrace {rMiasma Drain rN+}
  8973 | Bailey   | Entered a bailey
  9395 | Bailey   | Reached skill level 1 in Evocations
  9551 | Bailey   | Shot with a bolt by an orc warrior

Illustrated notes

Levels and vault maps discovered:
D:1:      heliophobic_arrival_enchanted_forest, layout_rooms
D:2:      layout_loops_ring, serial_shops, shop, nicolae_shop_stone, shop, shop,
          shop_fountains
D:3:      layout_loops_corners, guppyfry_early_lair_pool
D:4:      wad_lake_hut, layout_loops_ring, jmf_multi_god_temple
D:5:      layout_rooms, portal_sewer_entry_e, minmay_misc_feat_pillars,
          kennysheep_path_1
D:6:      layout_loops_ring, slow_altar_1, serial_shops, shop
D:7:      kennysheep_housing_project, layout_basic,
          minmay_temple_entry_overgrown, enter_bailey_3, serial_shops,
          nicolae_shop_crystal
Bailey:   bailey_polearm_2, bailey

Skill      XL: |  1  2  3  4  5  6  7  8  9 |
---------------+----------------------------+-----
Transmutations | 2 3 4 5 |  5.6
Spellcasting   | 2 3 4 |  4.8
Unarmed Combat | 3 4 5 |  5.1
Fighting       | 1 2 3 |  3.9
Dodging        | 2 3 4 |  4.4
Poison Magic   | 1 2 3 |  3.0
Translocations | 1 2 |  2.1
Ice Magic      | 1 2 |  2.1
Shields        | 1 |  1.5
Evocations     | 1 |  1.0
Armour         | |  0.5

Action                   |  1- 3 |  4- 6 |  7- 9 || total
-------------------------+-------+-------+-------++-------
Melee: Unarmed           |   135 |   147 |   338 ||   620
       Kick              |    14 |    15 |    12 ||    41
       Punch             |     2 |     3 |     9 ||    14
       Headbutt          |     4 |    12 |     5 ||    21
 Cast: Beastly Appendage |    18 |    12 |     6 ||    36
       Spider Form       |     1 |     4 |    14 ||    19
       Ice Form          |       |       |     4 ||     4
  Use: Scroll            |       |     3 |     4 ||     7
 Stab: Sleeping          |     4 |     3 |     1 ||     8
Armor: Robe              |    38 |    26 |    46 ||   110
       Skin              |     1 |     1 |    14 ||    16
       Leather armour    |       |       |     1 ||     1
Dodge: Dodged            |   125 |    98 |   296 ||   519

Table legend: (Time is in decaauts)
 A = Elapsed time spent in this place.
 B = Non-inter-level travel time spent in this place.
 C = Inter-level travel time spent in this place.
 D = Time resting spent in this place.
 E = Time spent auto-exploring this place.
 F = Levels seen in this place.
 G = Mean time per level.
                   A        B        C        D        E       F      G
               +--------+--------+--------+--------+--------+-----+--------+
         Total |   9578 |   9320 |    258 |   3904 |   3747 |   8 | 1197.2 |
       Dungeon |   8993 |   8735 |    258 |   3462 |   3747 |   7 | 1284.7 |
        Bailey |    584 |    584 |      0 |    442 |      0 |   1 |  584.0 |
               +--------+--------+--------+--------+--------+-----+--------+

Top non-repeatable levels by time:
     D:4: 3014 daAuts
     D:6: 1460 daAuts
     D:5: 1371 daAuts
     D:1: 1056 daAuts
     D:2: 1043 daAuts
     D:3: 990 daAuts
  Bailey: 584 daAuts
     D:7: 57 daAuts
